 Dungeon Crawl Stone Soup version 0.22-a0-533-g4d20840 (webtiles) character file.

4 iamserjio the Charmwright (level 1, 0/11 HPs)
             Began as a Vine Stalker Skald on June 22, 2018.
             Slain by a hobgoblin (1 damage)
             ... on level 2 of the Dungeon.
             The game lasted 00:00:49 (87 turns).

iamserjio the Charmwright (Vine Stalker Skald)        Turns: 87, Time: 00:00:50

Health: 0/11       AC:  3    Str: 13    XL:     1   Next: 60%
Magic:  0/4        EV: 11    Int: 13    God:
Gold:   25         SH:  0    Dex: 13    Spells: 3/4 levels left

rFire    . . .     SeeInvis .   b - +0 club (curse)
rCold    . . .     Gourm    .   (no shield)
rNeg     . . .     Faith    .   a - +0 leather armour
rPois    .         Spirit   +   (no helmet)
rElec    .         Reflect  .   (no cloak)
rCorr    .         Harm     .   (no gloves)
MR       .....                  (no boots)
Stlth    +.........             (no amulet)
HPRegen  0.03/turn              (no ring)
MPRegen  0.09/turn              (no ring)

@: infused (expiring)
A: fangs 2, magic shield, antimagic bite, no potion heal 3, rot immunity
a: no special abilities


You were on level 2 of the Dungeon.
You were not hungry.

You visited 1 branch of the dungeon, and saw 2 of its levels.

You collected 25 gold pieces.

Inventory:

Hand Weapons
 b - a cursed +0 club (weapon)
Armour
 a - a +0 leather armour (worn)
Scrolls
 d - a scroll of remove curse {unknown}
Comestibles
 c - a ration


   Skills:
 + Level 1.9 Fighting
 - Level 0.7 Armour
 - Level 1.5 Dodging
 * Level 2.2 Unarmed Combat
 - Level 2.1 Spellcasting
 - Level 3.0 Charms


You had 3 spell levels left.
You knew the following spells:

 Your Spells              Type           Power        Failure   Level  Hunger
a - Infusion              Chrm           #...         10%         1    ##.....

Your spell library contained the following spells:

 Spells                   Type           Power        Failure   Level  Hunger
 Regeneration             Chrm/Necr      #.........   45%         3    ####...
 Shroud of Golubria       Chrm/Tloc      #.........   26%         2    ###....
 Song of Slaying          Chrm           #.......     14%         2    ###....
 Spectral Weapon          Hex/Chrm       #.......     45%         3    ####...


Dungeon Overview and Level Annotations

Branches:
Dungeon (2/15)

Altars:


Innate Abilities, Weirdness & Mutations

You have extremely sharp teeth.
When hurt, damage is shared between your health and your magic reserves.
Your bite disrupts and absorbs the magic of your enemies.
Potions cannot restore your health.
You are immune to rotting.


Message History

* * * LOW HITPOINT WARNING * * *
The hobgoblin completely misses you. The hobgoblin hits you.
* * * LOW HITPOINT WARNING * * *
A bat comes into view.
The bat hits you but does no damage.
You barely miss the hobgoblin. The bat barely misses you.
The hobgoblin closely misses you. The hobgoblin barely misses you.
You completely miss the hobgoblin. Your bite misses the hobgoblin.
Your magical infusion is running out.
The bat barely misses you. The hobgoblin completely misses you.
You hit the hobgoblin but do no damage. You punch the hobgoblin.
You bite the hobgoblin, but do no damage.
The hobgoblin is moderately wounded.
The bat hits you. The hobgoblin barely misses you.
You hit the hobgoblin.
You bite the hobgoblin, but do no damage.
The hobgoblin is almost dead.
The hobgoblin hits you.
You die...

.......##
#.......
#......# .###
#......# ...
#......# ..#
#......# #.#
#..b...###>.#
#@# ##...#
####g####...#
#(..gw.w..<#
#..........#
#..........#
#####......#
#......#
#......#
#......#


You could see a worm, a hobgoblin, a goblin and a bat.

Vanquished Creatures
  A goblin (D:1)
  2 hobgoblins (D:1)
3 creatures vanquished.

Notes
Turn   | Place    | Note
-------+----------+-------------------------------------------
     0 | D:1      | iamserjio the Vine Stalker Skald began the quest for the Orb.
     0 | D:1      | Reached XP level 1. HP: 11/11 MP: 4/4
    87 | D:2      | Slain by a hobgoblin

Vault maps used:
D:1:      dpeg_arrival_ternary
D:2:      kennysheep_okawaru_gauntlet, uniq_terence

Action                   || total
-------------------------++-------
Melee: Unarmed           ||    11
       Club              ||     4
       Bite              ||     4
       Punch             ||     1
 Cast: Infusion          ||     2
Armor: Leather armour    ||     4
Dodge: Dodged            ||    10

Table legend:
 A = Spawn XP
 B = Non-spawn XP
 C = Spawn XP percentage of total XP
 D = Spawn monster count
 E = Non-spawn monster count
 F = Spawn count percentage of total count
 G = Total turns spent on level
                    A         B        C        D         E        F      G
               +---------+---------+-------+---------+---------+-------+---------
         Total |       0 |       6 |   0.0 |       0 |       3 |   0.0 |    87
               +---------+---------+-------+---------+---------+-------+---------
           D:1 |       0 |       6 |   0.0 |       0 |       3 |   0.0 |    75
               +---------+---------+-------+---------+---------+-------+---------
